AoeStats
← Elbenmain`23`

Arabia

509698419Analyzed
1v1 RM · 5d ago on Sep 27, 2026· 39m 57s· 2 players
Game mode
Random Map
Map size
Tiny (2 player)
Population
200
Speed
Normal
Resources
Standard
Victory
Conquest
Starting age
Dark Age
Ending age
Imperial Age
RankedLock teamsTeams togetherTeam positionsShared explorationLock speedFull tech treeHidden civsTurbo modeCheats
Victory
Defeat
🇩🇪 Mapuche · Germany
1098
+18
🇸🇪 Byzantines · Sweden
1132
-29
Elbenmain`23`
6:24 Loom
9:22 Feudal Age
9:55 Double-Bit Axe
14:08 Fletching
20:12 Castle Age
19:09 Padded Archer Armor
19:03 Horse Collar
19:32 Gold Mining
20:22 Scale Mail Armor
21:20 Heavy Plow
21:32 Bow Saw
25:32 Wheelbarrow
24:41 Crossbowman
26:22 Bodkin Arrow
28:46 Forging
35:15 Imperial Age
33:10 Hand Cart
35:27 Imperial Age
32:39 Pikeman
34:52 Heavy Plow
39:00 Chemistry
38:20 Ballistics
LarsIngo
10:16 Feudal Age
10:45 Double-Bit Axe
13:10 Loom
23:01 Castle Age
28:22 Fletching
36:01 Scale Barding Armor
Connection lost

Rejoining the realm…

Still unreachable

The connection could not be restored.

Session expired

The server has moved on; the page needs a fresh start.